 Dungeon Crawl Stone Soup version 0.21-a0-176-gb3d4b37 (webtiles) character file.

462126 Gorglomux the Messiah (level 24, -18/224 HPs)
             Began as a Hill Orc Wizard on Aug 8, 2017.
             Was the Champion of Beogh.
             Killed from afar by a deep elf annihilator (27 damage)
             ... with a bolt of lightning
             ... on level 3 of the Elven Halls on Aug 9, 2017.
             The game lasted 03:41:01 (62065 turns).

Gorglomux the Messiah (Hill Orc Wizard)            Turns: 62065, Time: 03:41:02

Health: -18/224    AC: 37    Str: 21    XL:     24   Next: 18%
Magic:  29/37      EV: 14    Int: 15    God:    Beogh [******]
Gold:   3802       SH: 31    Dex:  9    Spells: 25/27 levels left

rFire    + + +     SeeInvis +   b - +5 broad axe (freeze)
rCold    + + +     Gourm    .   a - +7 large shield
rNeg     . . .     Faith    .   q - +5 plate armour of the Sacrificial Victim {Regen+ Int-3 SInv}
rPois    .         Spirit   .   G - +2 helmet
rElec    .         Reflect  +   o - +2 cloak {MR+}
rCorr    +         Harm     .   i - +2 pair of gloves
MR       ++...                  F - +0 pair of boots of Fuikkiat {*Corrode *Drain rF+ rC+++ Regen+}
Stlth    ..........             l - amulet "Zonyruat" {Reflect rF+ SH+2}
HPRegen  1.27/turn              g - ring of resist corrosion
MPRegen  0.25/turn              P - ring "Dyumuxiwn" {rF++ EV+3}

@: lethally poisoned (-18 -> -18), studying 2 skills, drained
A: walk on water
}: 3/15 runes: decaying, silver, gossamer
a: Smiting, Recall Orcish Followers, Give Item to Named Follower, Resurrection,
Renounce Religion


You were on level 3 of the Elven Halls.
You worshipped Beogh.
Beogh was exalted by your worship.
You were not hungry.

You visited 8 branches of the dungeon, and saw 44 of its levels.
You visited 1 bazaar.
You also visited: Sewer, Wizlab and Desolation.

You collected 5412 gold pieces.
You spent 1610 gold pieces at shops.

Inventory:

Hand Weapons
 b - a +5 broad axe of freezing (weapon)
 j - a +2 glaive of venom
Missiles
 Z - a throwing net (quivered)
Armour
 a - a +7 large shield (worn)
 i - a +2 pair of gloves (worn)
 o - a +2 cloak of magic resistance (worn)
 q - the +5 plate armour of the Sacrificial Victim (worn) {Regen+ Int-3 SInv}
   (You found it on level 2 of the Lair of Beasts)

   It affects your intelligence (-3).
   It lets you see invisible.
   It increases your rate of regeneration.
 F - the +0 pair of boots of Fuikkiat (worn) {*Corrode *Drain rF+ rC+++ Regen+}
   (You found it on level 1 of the Depths)

   It protects you from fire.
   It renders you almost immune to cold.
   It increases your rate of regeneration.
   It may corrode you when you take damage.
   It causes draining when unequipped.
 G - a +2 helmet (worn)
Jewellery
 g - a ring of resist corrosion (left hand)
 l - the amulet "Zonyruat" (around neck) {Reflect rF+ SH+2}
   (You bought it in a shop on level 1 of the Vaults)

   [amulet of reflection]

   It shields you and reflects attacks.
   It protects you from fire.
   It affects your SH (+2).
 m - an uncursed ring of protection from magic
 p - the ring "Zausae" {Fire -Tele rPois Str+7 Int-2}
   (You took it off a vault guard on level 5 of the Vaults)

   [ring of fire]

   It enhances your fire magic.
   It affects your strength (+7).
   It affects your intelligence (-2).
   It protects you from fire.
   It makes you vulnerable to cold.
   It protects you from poison.
   It prevents most forms of teleportation.
 x - the ring of Durchuag {rElec rN+ Stlth-}
   (You found it in the Desolation of Salt)

   [ring of loudness]

   It insulates you from electricity.
   It protects you from negative energy.
   It makes you less stealthy.
 A - the ring of Pouliew {Wiz rPois}
   (You took it off a yaktaur captain on level 5 of the Vaults)

   [ring of wizardry]

   It improves your spell success rate.
   It protects you from poison.
 P - the ring "Dyumuxiwn" (right hand) {rF++ EV+3}
   (You found it in the Desolation of Salt)

   [ring of evasion]

   It affects your evasion (+3).
   It greatly protects you from fire.
Wands
 s - a wand of paralysis (15/24)
 D - a wand of digging (12/24)
 I - a wand of iceblast (8/15)
 L - a wand of acid (3/15)
Scrolls
 h - a scroll of silence
 t - 5 scrolls of holy word
 u - 5 scrolls of fear
 w - 6 scrolls of recharging
 y - 5 scrolls of immolation
 B - 4 scrolls of blinking
 H - 5 scrolls of fog
 M - 5 scrolls of magic mapping
 R - 13 scrolls of identify
 T - 13 scrolls of teleportation
 U - 23 scrolls of remove curse
Potions
 c - 3 potions of haste
 n - 14 potions of heal wounds
 v - 4 potions of ambrosia
 C - 6 potions of might
 E - 6 potions of mutation {!q}
 J - 6 potions of flight
 K - 9 potions of agility
 O - 4 potions of invisibility
 Q - 16 potions of curing
 S - 3 potions of cancellation
Books
 e - a manual of Shields
 k - a manual of Fighting
Miscellaneous
 V - a phantom mirror
 W - a sack of spiders
 X - a phial of floods
 Y - a lamp of fire
Comestibles
 d - 19 bread rations
 z - 21 meat rations
 N - a chunk of flesh


   Skills:
 + Level 20.1(20.0) Fighting
 - Level 19.0(18.9) Axes
 - Level 19.3(19.2) Armour
 - Level 13.1(13.0) Dodging
 - Level 1.5 Stealth
 + Level 19.4 Shields
 - Level 2.4(2.3) Spellcasting
   Level 1.0(0.9) Conjurations
 - Level 1.0(0.9) Summonings
   Level 0.7(0.6) Translocations
 + Level 21.6 Invocations
 + Level 9.7 Evocations


You had 25 spell levels left.
You knew the following spells:

 Your Spells              Type           Power        Failure   Level  Hunger
b - Call Imp              Summ           #.......     97%         2    ###....


Dungeon Overview and Level Annotations

Branches:
Dungeon (15/15)            Temple (0/1) D:7            Lair (6/6) D:11
  Swamp (4/4) Lair:4       Spider (4/4) Lair:3        Slime (0/5) Lair:5
    Orc (2/2) D:10            Elf (3/3) Orc:2        Vaults (5/5) D:13
  Crypt (0/3) Vaults:3     Depths (5/5) D:15            Zot (0/5) Depths:5

Altars:
Ashenzari
Elyvilon
Fedhas
Kikubaaqudgha
Makhleb
Nemelex Xobeh
Okawaru
Qazlal
Ru
Vehumet
Xom
Zin
Jiyva

Shops:
D:7 *   D:8 !   Orc:2 !:*=   Elf:3 (   Vaults:1 =   Vaults:2 [   Vaults:4 ?
Depths:5 }=}

Portals:
Hell: Depths:1 Depths:2 Depths:3 Depths:4 Depths:5
Abyss: Depths:2 Depths:3 Depths:4
Pandemonium: Depths:3 Depths:4
Ziggurat: Depths:5
Trove: D:13 (give +4 demon blade)

Annotations:
Spider:4 exclusion: 2 doors
Elf:2 3 runed doors
Depths:1 2 transporters


Message History

There is a large open door here!
What are your orders? butt - Shout!!!
Orders for allies: a - Attack new butt! r - Retreat!!! s - Stop attacking! g - Guard the area! f - Follow me!
Anything else - Cancel!
Follow me!!!
A deep elf annihilator comes into view!
Butt is wielding an enchanted dagger!
You feel sick!
You feel sick!
You see here a war axe!
The deep elf annihilator casts a spell at you!
The bolt of lightning hits you!!! * * * don't die
* * * You feel sick!
The deep elf annihilator points at you and mumbles some strange words!
The bolt of lightning butts Argrim!
Argrim dies!!!
The bolt of lightning hits butt!!! rip

........####.####
#%# #...# .......##
#.# ##'## #...#
...##++# #.# ##...##
#...# #.# ##.....#
#)..#
#.###......####...#
...#.......'......#
+.......'....).#
#.......####...#
#++##@o....# #...# #
#......).)..# #...#
# #.......o...#
#...# #
#...........####...#
#
#.........).'......#
###
#.........)/'......#
..#
#..........)#####..#
#.# #.........e.#
#..# #.#
.........()#####..#


You could see a deep elf annihilator, the friendly Murdo the orc warlord and a
friendly orc knight.

Vanquished Creatures
  A greater mummy (WizLab)
  2 caustic shrikes (Depths:2)
  Nikola (Vaults:1)
  3 golden dragons
  Jorgrun (Depths:1)
  A tentacled monstrosity (Vaults:5)
  A lich (Vaults:5)
  2 titans (Vaults:5)
  An ancient champion (Vaults:3)
  A sphinx (Vaults:5)
  2 thorn hunters
  Kirke (Elf:1)
  3 shadow dragons
  Donald (Spider:2)
  3 storm dragons
  3 tengu reavers
  A deep elf sorcerer (Vaults:3)
  4 fire giants
  11 vault wardens
  2 ghost moths (Spider:4)
  7 frost giants
  4 emperor scorpions
  Louise (Depths:4)
  An entropy weaver (Spider:4)
  13 ironheart preservers
  3 deep elf elementalists (Elf:3)
  22 stone giants
  2 very ugly things
  A stone giant (shapeshifter) (Vaults:5)
  5 deep elf demonologists
  A large abomination (Vaults:5)
  A vampire knight (Depths:1)
  A small abomination (Vaults:5)
  A black draconian (Depths:5)
  A yellow draconian (Depths:5)
  3 deep elf annihilators
  3 spark wasps
  3 halazid warlocks (Desolation)
  7 ettins
  A merfolk javelineer (Depths:2)
  A crystal guardian (Desolation)
  2 deep elf death magi
  A merfolk impaler (Depths:4)
  4 fire dragons
  4 mummy priests (WizLab)
  Josephine (D:15)
  2 ragged hierophants (Desolation)
  5 deep elf high priests
  15 yaktaur captains
  5 great orbs of eyes
  4 ice dragons
  Harold (Lair:3)
  3 servants of whispers (Desolation)
  3 rakshasas
  11 vault guards
  Fannar (D:11)
  4 peacekeepers
  7 centaur warriors
  3 hydras
  A ghost crab (Swamp:1)
  A spriggan air mage (Depths:5)
  Erica (D:9)
  A death knight (D:13)
  29 two-headed ogres
  9 alligators
  9 ogre magi
  2 deep troll shamans
  5 tengu warriors
  Urug (D:13)
  3 dancing weapons
  6 deep troll earth magi
  A death yak (Lair:6)
  A titan zombie (WizLab)
  A sun demon (Depths:2)
  An orc high priest (Orc:2)
  2 spriggan berserkers
  A shock serpent (shapeshifter) (Depths:2)
  A fire crab (shapeshifter) (Vaults:4)
  5 deep elf knights
  A salamander mystic (Depths:5)
  4 skeletal warriors
  5 unseen horrors
  4 glowing orange brains
  A shadow wraith (Vaults:3)
  2 spriggan druids (Swamp:4)
  An unseen horror (shapeshifter) (Depths:1)
  An iron troll (Depths:2)
  14 ironbrand convokers
  2 swamp dragons
  17 deep trolls
  2 wizards
  A necromancer (Depths:4)
  6 orc knights
  8 orb spiders
  6 deep elf archers
  An iron dragon zombie (WizLab)
  22 wolf spiders
  12 harpies
  3 shambling mangroves
  25 ugly things
  2 manticores
  A lindwurm (shapeshifter) (Vaults:5)
  Pikel (D:6)
  2 moths of wrath
  A salamander (shapeshifter) (Vaults:3)
  2 shining eyes (shapeshifter) (Vaults:5)
  29 deep elf magi
  A frost giant zombie (WizLab)
  3 elephants
  2 oklob plants (Lair:2)
  4 cyclopes
  3 salamanders (Depths:5)
  Joseph (D:8)
  2 guardian serpents (Desolation)
  4 black mambas
  Maurice (D:8)
  2 centaur zombies
  A molten gargoyle (Desolation)
  11 vault sentinels
  2 centaur skeletons
  4 kobold demonologists
  A hellion (Depths:5)
  14 spiny frogs
  9 freezing wraiths
  51 yaktaurs
  2 demonic crawlers
  2 spriggan zombies (WizLab)
  A yaktaur zombie (WizLab)
  7 komodo dragons
  3 efreet
  3 guardian mummies (WizLab)
  A red devil (Depths:4)
  2 tengu conjurers
  A polar bear (shapeshifter) (Vaults:2)
  A queen bee (D:10)
  3 trolls
  A queen bee (shapeshifter) (D:13)
  A polar bear (Lair:1)
  16 hornets
  13 jumping spiders
  A hornet (shapeshifter) (Vaults:1)
  A wind drake (shapeshifter) (Vaults:5)
  A tengu simulacrum (Vaults:2)
  6 bog bodies
  A fire giant simulacrum (Vaults:3)
  7 tyrant leeches
  5 blink frogs
  26 saltlings (Desolation)
  16 slime creatures
  A hippogriff (Lair:2)
  A hippogriff (shapeshifter) (D:14)
  A centaur simulacrum (D:15)
  12 spriggans
  3 shadows
  4 water elementals
  A spriggan (shapeshifter) (Vaults:5)
  The ghost of sergedm the Conjurer, an amateur DECj (D:4)
  7 air elementals
  11 tarantellas
  2 orc simulacra
  24 redbacks
  6 wraiths
  A wyvern (shapeshifter) (Vaults:5)
  2 golden eyes (shapeshifter)
  39 yaks
  8 humans (D:13)
  2 basilisks
  4 fire elementals
  2 wyverns
  3 hogs (Elf:1)
  A hungry ghost (D:7)
  A yak (shapeshifter) (Vaults:5)
  Eustachio (D:6)
  16 vampire mosquitoes
  A yaktaur simulacrum (Vaults:2)
  A steam dragon (D:9)
  5 swamp worm simulacra (Swamp:4)
  22 swamp worms
  12 insubstantial wisps
  5 wargs
  2 nagas (shapeshifter)
  A swamp worm (shapeshifter) (Vaults:5)
  An acid dragon (Vaults:2)
  An ogre zombie (WizLab)
  An infernal demonspawn zombie (WizLab)
  Duvessa (D:4)
  6 water moccasins
  4 hell hounds (Orc:2)
  7 swamp drakes
  A floating eye (shapeshifter) (Vaults:4)
  9 hydra simulacra (Swamp:4)
  A hornet zombie (D:8)
  5 orc warriors
  5 porcupines
  3 sky beasts
  3 ice beasts
  A phantom (D:12)
  2 ettin simulacra
  A boggart (D:13)
  21 ogres
  9 wolves
  12 crocodiles
  11 centaurs
  7 big kobolds
  12 bullfrogs
  Blork the orc (D:6)
  Dowan (D:4)
  6 scorpions
  A raiju zombie (WizLab)
  24 killer bees
  7 electric eels
  8 wights
  6 howler monkeys
  4 crimson imps
  A quasit (D:11)
  A human simulacrum (Vaults:3)
  6 jellies
  11 orc wizards
  9 orc priests
  A bullfrog skeleton (D:6)
  5 hounds
  3 iguanas
  Natasha (twice) (D:4)
  A hell rat (Lair:5)
  3 worker ants
  A killer bee zombie (D:9)
  A hound zombie (D:5)
  A howler monkey zombie (D:11)
  A gnoll (D:8)
  4 river rats
  13 adders
  2 shadow imps
  2 white imps (D:12)
  An ufetubus (D:12)
  3 oozes
  2 swamp drake simulacra (Swamp:4)
  An adder zombie (D:5)
  2 adder skeletons
  2 worms
  2 dart slugs (D:3)
  3 leopard geckos
  23 orcs
  3 ball pythons
  3 giant cockroaches (D:3)
  3 goblins
  10 hobgoblins
  16 jackals
  23 kobolds
  4 quokkas
  8 bats
  5 frilled lizards
  A quokka skeleton (D:10)
  16 rats
  A bush (D:6)
  2 crawling corpses
  3 fungi
  5 plants
1292 creatures vanquished.

Vanquished Creatures (collateral kills)
  Xtahua (Vaults:5)
  A golden dragon (Depths:1)
  Arachne (Spider:2)
  A tentacled monstrosity (Depths:1)
  2 titans (Vaults:5)
  Agnes (Elf:2)
  An orc warlord (Vaults:5)
  A sphinx (Vaults:5)
  5 tengu reavers
  2 storm dragons (Depths:5)
  2 shadow dragons
  A draconian monk (Depths:5)
  5 fire giants
  A balrug (Depths:2)
  Roxanne (Spider:3)
  Aizul (Spider:2)
  5 frost giants
  A deep elf sorcerer (Elf:3)
  An iron dragon (Depths:5)
  9 vault wardens
  An emperor scorpion (Spider:2)
  A draconian stormcaller (Depths:5)
  A draconian annihilator (Depths:5)
  An entropy weaver (Vaults:4)
  13 stone giants
  4 ironheart preservers
  2 green draconians (Depths:5)
  2 deep elf demonologists
  A vampire knight (Depths:1)
  A yellow draconian (Depths:5)
  A spark wasp (shapeshifter) (Vaults:5)
  Azrael (Orc:2)
  2 deep elf annihilators
  A red draconian (Depths:5)
  6 spark wasps
  4 ettins
  3 deep elf death magi
  A merfolk impaler (Depths:4)
  6 fire dragons
  3 great orbs of eyes
  8 yaktaur captains
  5 ogre magi
  2 deep elf high priests
  A crystal guardian (Desolation)
  A peacekeeper (Elf:2)
  16 vault guards
  The ghost of p0werm0de the Martial Artist, a journeyman DsAr of Ashenzari (Lair:1)
  2 hydras (Lair:6)
  2 ice dragons
  A servant of whispers (Desolation)
  A catoblepas (Lair:6)
  4 centaur warriors
  15 two-headed ogres
  A spriggan air mage (Depths:4)
  7 death yaks (Lair:6)
  5 tengu warriors
  6 dancing weapons
  8 deep troll shamans
  2 vampire magi
  An orc high priest (Orc:2)
  5 deep troll earth magi
  2 spriggans (Depths:4)
  2 deep elf knights
  A sun demon (Depths:2)
  4 skeletal warriors
  A hell knight (D:15)
  A shadow wraith (Vaults:2)
  An iron troll (Depths:5)
  A large abomination (Elf:3)
  13 deep trolls
  A fire crab (shapeshifter) (Vaults:2)
  3 phantasmal warriors
  4 ironbrand convokers
  3 wizards
  3 deep elf archers
  An obsidian statue (Depths:1)
  5 harpies
  2 necromancers
  2 orc knights
  6 orb spiders
  23 wolf spiders
  A frost giant zombie (Vaults:5)
  19 ugly things
  An orb spider (shapeshifter) (Depths:1)
  A salamander (shapeshifter) (Vaults:5)
  21 deep elf magi
  A salamander (Depths:5)
  A tengu skeleton (Vaults:5)
  A cyclops (D:13)
  6 vault sentinels
  A guardian serpent (shapeshifter) (D:13)
  9 elephants
  4 black mambas
  A torpor snail (shapeshifter) (Depths:3)
  A titan simulacrum (Vaults:5)
  A gargoyle (D:15)
  9 spiny frogs
  A yaktaur zombie (Vaults:5)
  An efreet (Depths:4)
  5 komodo dragons
  3 freezing wraiths
  A kobold demonologist (D:11)
  9 demonic crawlers
  A rime drake (Lair:6)
  2 red devils (Depths:5)
  25 yaktaurs
  A hellwing (Depths:5)
  3 tengu conjurers
  18 jumping spiders
  3 trolls
  4 polar bears
  7 hornets
  5 saltlings (Desolation)
  4 tyrant leeches
  4 blink frogs
  5 hippogriffs
  14 slime creatures
  An ice dragon zombie (WizLab)
  2 air elementals
  29 redbacks
  A wraith (D:13)
  2 shadows
  A wyvern (shapeshifter) (Vaults:5)
  4 water elementals
  11 tarantellas
  25 yaks
  A wyvern (Lair:2)
  A fire elemental (Orc:2)
  8 humans (D:13)
  2 basilisks
  3 vampire mosquitoes
  A swamp worm simulacrum (Swamp:4)
  A warg (Vaults:3)
  An acid dragon (D:13)
  8 water moccasins
  A deep troll zombie (Vaults:5)
  2 porcupines
  5 hydra simulacra (Swamp:4)
  2 ettin simulacra (Depths:4)
  An ice beast (D:11)
  12 orc warriors
  3 sky beasts
  4 black bears
  4 wolves
  8 ogres
  3 centaurs
  7 crocodiles
  6 bullfrogs
  5 earth elementals
  2 scorpions (Spider:2)
  A wyvern skeleton (D:11)
  A killer bee (shapeshifter) (Depths:1)
  7 killer bees
  3 howler monkeys
  6 wights
  2 crimson imps
  2 centaur zombies
  2 quasits
  5 orc wizards
  5 hounds
  9 orc priests
  Crazy Yiuf (D:2)
  A gnoll shaman (D:8)
  A jelly (D:5)
  Terence (D:2)
  Natasha (D:4)
  A hell rat (Lair:5)
  2 gnolls (D:8)
  7 adders
  5 river rats
  A worm (D:2)
  A leopard gecko (D:7)
  18 orcs
  A giant cockroach (Sewer)
  5 jackals
  2 quokkas
  A ball python (D:5)
  4 kobolds
  A bush (Lair:6)
  5 crawling corpses
  14 fungi
  7 plants
755 creatures vanquished.

Vanquished Creatures (others)
  A stone giant (Vaults:5)
  2 orc sorcerers
  2 yaktaur captains
  A ragged hierophant (Desolation)
  A tengu warrior (Depths:2)
  5 orc high priests
  15 orc knights
  2 deep elf archers
  A harpy (Vaults:2)
  A cyclops (Vaults:1)
  A deep elf mage (Elf:1)
  23 orc warriors
  24 orc priests
  A spiny frog (Swamp:4)
  13 yaktaurs
  A hornet (Depths:4)
  A bog body (Swamp:4)
  A redback (Spider:3)
  A swamp worm (Swamp:4)
  16 orc wizards
  An ogre (Vaults:2)
  A centaur (Depths:2)
  A human simulacrum (Vaults:2)
  57 orcs
  3 goblins (D:3)
  A ball python (D:3)
  A rat (D:3)
  16 fungi
  36 plants
230 creatures vanquished.

Grand Total: 2277 creatures vanquished

Notes
Turn   | Place    | Note
-------+----------+-------------------------------------------
     0 | D:1      | Gorglomux the Hill Orc Wizard began the quest for the Orb.
     0 | D:1      | Reached XP level 1. HP: 14/14 MP: 3/3
    99 | D:1      | Reached skill level 1 in Fighting
   326 | D:1      | Reached XP level 2. HP: 24/24 MP: 3/5
   655 | D:1      | Learned a level 2 spell: Call Imp
  1555 | D:2      | Reached skill level 3 in Fighting
  1555 | D:2      | Reached XP level 3. HP: 25/31 MP: 0/6
  1876 | D:2      | Found a glowing silver altar of Zin.
  1942 | D:2      | Noticed Terence
  1958 | D:2      | Killed Terence
  2260 | D:2      | Reached XP level 4. HP: 40/40 MP: 2/7
  2411 | D:2      | Found a runed door.
  2461 | D:2      | Noticed Crazy Yiuf
  2472 | D:2      | Killed Crazy Yiuf
  2740 | D:3      | Became a worshipper of Beogh the Brigand
  3006 | D:3      | Reached XP level 5. HP: 48/48 MP: 8/8
  3019 | D:3      | Found a glowing drain.
  3067 | Sewer    | Entered a sewer
  3327 | Sewer    | Reached * piety under Beogh
  3499 | Sewer    | Reached skill level 6 in Fighting
  3799 | D:4      | Noticed sergedm's ghost (amateur DECj)
  3986 | D:4      | Noticed Duvessa
  3986 | D:4      | Noticed Dowan
  4009 | D:4      | Killed Duvessa
  4009 | D:4      | Reached XP level 6. HP: 60/60 MP: 4/9
  4034 | D:4      | Killed Dowan
  4280 | D:4      | Noticed Natasha
  4287 | D:4      | Killed sergedm's ghost
  4287 | D:4      | Reached XP level 7. HP: 44/69 MP: 1/10
  4294 | D:4      | Killed Natasha
  4507 | D:4      | Noticed Natasha
  4517 | D:4      | Killed Natasha
  4517 | D:4      | Reached skill level 1 in Armour
  4681 | D:4      | Reached ** piety under Beogh
  4954 | D:4      | Reached skill level 3 in Armour
  4982 | D:4      | Noticed Natasha
  5342 | D:4      | Killed Natasha
  5585 | D:5      | Entered Level 5 of the Dungeon
  5941 | D:5      | Reached XP level 8. HP: 21/75 MP: 8/11
  6221 | D:5      | Reached skill level 6 in Armour
  6786 | D:5      | Reached skill level 1 in Axes
  7131 | D:5      | Reached skill level 3 in Axes
  7574 | D:6      | Noticed Eustachio
  7665 | D:6      | Reached *** piety under Beogh
  7670 | D:6      | Found a blossoming altar of Fedhas.
  8046 | D:6      | Noticed Pikel
  8065 | D:6      | Killed Pikel
  8065 | D:6      | Reached XP level 9. HP: 47/82 MP: 12/12
  8227 | D:6      | Noticed Blork the orc
  8237 | D:6      | Killed Blork the orc
  8408 | D:6      | Reached skill level 9 in Axes
  8429 | D:6      | Found an ancient bone altar of Kikubaaqudgha.
  8739 | D:6      | Found a stormy altar of Qazlal.
  8772 | D:6      | Killed Eustachio
  9064 | D:6      | Found a blossoming altar of Fedhas.
  9655 | D:7      | Found a white marble altar of Elyvilon.
  9736 | D:7      | Found a burning altar of Makhleb.
  9904 | D:7      | Found Qoss's Assorted Antiques.
  9912 | D:7      | Bought a scroll labeled SYINEO CUDESU for 30 gold pieces
  9912 | D:7      | Bought a scroll labeled UNOSIY LUBIGH for 30 gold pieces
  9912 | D:7      | Bought a scroll labeled VOUKID GAIGH for 30 gold pieces
  9912 | D:7      | Bought a scroll labeled VOUKID GAIGH for 30 gold pieces
  9912 | D:7      | Bought a scroll labeled ENKIHE NUAS for 30 gold pieces
  9912 | D:7      | Bought a scroll labeled TIR HOPLOGOUNOWU for 30 gold pieces
 10001 | D:7      | Found a staircase to the Ecumenical Temple.
 10459 | D:8      | Found Meluijua's Distillery.
 10462 | D:8      | Bought a potion of lignification for 39 gold pieces
 10462 | D:8      | Bought a potion of heal wounds for 65 gold pieces
 10462 | D:8      | Bought a potion of heal wounds for 65 gold pieces
 10471 | D:8      | Found a sparkling altar of Nemelex Xobeh.
 10502 | D:8      | Reached skill level 12 in Axes
 10597 | D:8      | Noticed Maurice
 10636 | D:8      | Killed Maurice
 10636 | D:8      | Reached XP level 10. HP: 45/90 MP: 13/13
 10927 | D:8      | Reached **** piety under Beogh
 11004 | D:8      | Noticed Joseph
 11018 | D:8      | Killed Joseph
 11429 | D:9      | Noticed Erica
 11440 | D:9      | Killed Erica
 11915 | D:9      | Found a shimmering altar of Xom.
 11915 | D:9      | Found a shimmering altar of Xom.
 11915 | D:9      | Found a shimmering altar of Xom.
 11915 | D:9      | Found a shimmering altar of Xom.
 11915 | D:9      | Found a shimmering altar of Xom.
 11916 | D:9      | Found a shimmering altar of Xom.
 11916 | D:9      | Found a shimmering altar of Xom.
 11916 | D:9      | Found a shimmering altar of Xom.
 12070 | D:9      | Reached skill level 15 in Axes
 12695 | D:10     | Entered Level 10 of the Dungeon
 12959 | D:10     | Reached skill level 1 in Invocations
 13128 | D:10     | Reached XP level 11. HP: 74/95 MP: 14/14
 13198 | D:10     | Reached skill level 1 in Shields
 13198 | D:10     | Reached skill level 2 in Invocations
 13402 | D:10     | Reached skill level 9 in Fighting
 13416 | D:10     | Reached ***** piety under Beogh
 13467 | D:10     | Gained Ugbert as an ally
 13467 | D:10     | Reached skill level 3 in Invocations
 13744 | D:10     | Reached skill level 3 in Shields
 13895 | D:10     | Found a staircase to the Orcish Mines.
 13975 | D:11     | Noticed a brown ugly thing
 13987 | D:11     | Killed a brown ugly thing
 14283 | D:11     | Reached skill level 4 in Invocations
 14307 | D:11     | Noticed Fannar
 14322 | D:11     | Killed Fannar
 14621 | D:11     | Gained Wardok as an ally
 14652 | D:11     | Noticed a sun demon
 14656 | D:11     | Reached skill level 5 in Invocations
 14888 | D:11     | Found a staircase to the Lair.
 15337 | D:11     | Noticed a brown ugly thing
 15413 | D:11     | Killed a brown ugly thing
 15413 | D:11     | Reached skill level 6 in Invocations
 15441 | D:11     | Noticed a six-headed hydra
 15450 | D:11     | Killed a six-headed hydra
 15467 | D:11     | Killed an unseen horror
 15467 | D:11     | Reached XP level 12. HP: 66/107 MP: 8/16
 15828 | Lair:1   | Entered Level 1 of the Lair of Beasts
 15956 | Lair:1   | Reached skill level 7 in Invocations
 16505 | Lair:1   | Reached skill level 6 in Shields
 16722 | Lair:1   | Noticed p0werm0de's ghost (journeyman DsAr)
 16733 | Lair:1   | Killed p0werm0de's ghost
 16733 | Lair:1   | Reached skill level 9 in Armour
 17392 | Lair:2   | Got an obsidian-encrusted plate armour
 17403 | Lair:2   | Identified the +5 plate armour of the Sacrificial Victim {Regen+ Int-3 SInv} (You found it on level 2 of the Lair of Beasts)
 17501 | Lair:2   | Reached skill level 8 in Invocations
 17868 | Lair:2   | Gained Arbolt as an ally
 18285 | Lair:3   | Noticed Harold
 18289 | Lair:3   | Killed Harold
 18536 | Lair:3   | Reached skill level 9 in Invocations
 18626 | Lair:3   | Reached XP level 13. HP: 110/117 MP: 19/19
 18915 | Lair:3   | Found a hole to the Spider Nest.
 19267 | Lair:4   | Reached skill level 12 in Fighting
 19454 | Lair:4   | Found a staircase to the Swamp.
 19985 | Lair:5   | Reached skill level 10 in Invocations
 20142 | Lair:5   | Found a shattered altar of Ashenzari.
 20643 | Lair:5   | Found a staircase to the Slime Pits.
 20647 | Lair:5   | Found a viscous altar of Jiyva.
 20886 | Lair:6   | Entered Level 6 of the Lair of Beasts
 21305 | Lair:6   | Reached skill level 9 in Shields
 21519 | Lair:6   | Gained Jorge as an ally
 21519 | Lair:6   | Reached skill level 11 in Invocations
 21930 | Lair:6   | Reached XP level 14. HP: 114/129 MP: 22/22
 23001 | D:12     | Reached skill level 12 in Invocations
 23249 | D:12     | Reached skill level 12 in Armour
 24051 | D:13     | Reached ****** piety under Beogh
 24421 | D:13     | Noticed Urug
 24447 | D:13     | Killed Urug
 24489 | D:13     | Found a gate to the Vaults.
 24496 | D:13     | Reached skill level 13 in Invocations
 24692 | D:13     | Found a portal to a secret trove of treasure.
 25660 | D:14     | Reached XP level 15. HP: 138/138 MP: 25/25
 25703 | D:14     | Gained Boghold as an ally
 25868 | D:15     | Entered Level 15 of the Dungeon
 26181 | D:15     | Noticed Josephine
 26185 | D:15     | Killed Josephine
 26216 | D:15     | Gained Borgk as an ally
 26219 | D:15     | Your ally Boghold died
 26225 | D:15     | Your ally Borgk died
 26334 | D:15     | Gained Wargath as an ally
 26550 | D:15     | Found a staircase to the Depths.
 26771 | D:15     | Reached skill level 12 in Shields
 27048 | Orc:1    | Entered Level 1 of the Orcish Mines
 27337 | Orc:1    | Found an iron altar of Okawaru.
 27534 | Orc:2    | Entered Level 2 of the Orcish Mines
 27549 | Orc:2    | Found a staircase to the Elven Halls.
 27869 | Orc:2    | Reached skill level 14 in Invocations
 27982 | Orc:2    | Found Quzehaar's Distillery.
 27983 | Orc:2    | Found Patoubre's General Store.
 27990 | Orc:2    | Found Utsoig's Jewellery Shoppe.
 27991 | Orc:2    | Found Zasmimau's Book Shoppe.
 27996 | Orc:2    | Bought a potion of haste for 130 gold pieces
 27997 | Orc:2    | Bought a potion of degeneration for 15 gold pieces
 27997 | Orc:2    | Bought a potion of might for 60 gold pieces
 27997 | Orc:2    | Bought a potion of might for 60 gold pieces
 28046 | Orc:2    | Noticed Azrael
 28066 | Orc:2    | Killed Azrael
 28718 | Swamp:1  | Entered Level 1 of the Swamp
 29116 | Swamp:1  | Reached skill level 15 in Fighting
 29116 | Swamp:1  | Reached skill level 1 in Evocations
 29942 | Swamp:2  | Paralysed by a hornet for 1 turns
 30299 | Swamp:2  | Reached XP level 16. HP: 122/149 MP: 27/27
 30731 | Swamp:2  | Reached skill level 3 in Evocations
 31313 | Swamp:3  | Noticed a thorn hunter
 31340 | Swamp:3  | Killed a thorn hunter
 31546 | Swamp:3  | Reached skill level 15 in Invocations
 31700 | Swamp:4  | Entered Level 4 of the Swamp
 32100 | Swamp:4  | Gained Koronagh as an ally
 32100 | Swamp:4  | Gained Bogdan as an ally
 32575 | Swamp:4  | Gained Bolgrim as an ally
 32585 | Swamp:4  | Your ally Bolgrim died
 32613 | Swamp:4  | Your ally Koronagh died
 32671 | Swamp:4  | Your ally Bogdan died
 32903 | Swamp:4  | Noticed a thorn hunter
 32914 | Swamp:4  | Killed a thorn hunter
 33581 | Swamp:4  | Got a decaying rune of Zot
 34152 | Spider:1 | Entered Level 1 of the Spider Nest
 34353 | Spider:1 | Gained Ognian as an ally
 34930 | Spider:1 | Your ally Ognian died
 34993 | Spider:1 | Reached skill level 18 in Axes
 35582 | Spider:2 | Noticed Donald
 35592 | Spider:2 | Killed Donald
 35774 | Spider:2 | Reached XP level 17. HP: 157/157 MP: 28/28
 36090 | Spider:3 | Noticed Arachne
 36092 | Spider:3 | Noticed Aizul
 36106 | Spider:3 | Your ally Ognian died
 36347 | Spider:2 | Killed Aizul
 36396 | Spider:2 | Killed Arachne
 36606 | Spider:3 | Noticed Roxanne
 36737 | Spider:3 | Killed Roxanne
 36884 | Spider:3 | Identified Roxanne's Grimoire of Earth (You took it off Roxanne on level 3 of the Spider Nest)
 37094 | Spider:3 | Got a crude tin ring
 37097 | Spider:3 | Identified the ring "Arphicyga" {rN+ Int+5} (You found it on level 3 of the Spider Nest)
 37543 | Spider:4 | Entered Level 4 of the Spider Nest
 37609 | Spider:4 | Got a polished halberd
 37615 | Spider:4 | Identified the cursed +1 halberd "Buifitug" {flame, +Blink rF+ Int-4} (You found it on level 4 of the Spider Nest)
 38117 | Spider:4 | Reached skill level 18 in Fighting
 38697 | Spider:4 | Got a gossamer rune of Zot
 39278 | Vaults:1 | Entered Level 1 of the Vaults
 39285 | D:13     | Gained Learuk as an ally
 39885 | Vaults:1 | Reached skill level 3 in Dodging
 39890 | Vaults:1 | Gained Brunolf as an ally
 39944 | Vaults:1 | Paralysed by a hornet for 3 turns
 40018 | Vaults:1 | Reached XP level 18. HP: 149/176 MP: 29/29
 40477 | Vaults:1 | Reached skill level 6 in Dodging
 40563 | Vaults:1 | Gained Hilgar as an ally
 40606 | Vaults:1 | Noticed Nikola
 40617 | Vaults:1 | Killed Nikola
 40715 | Vaults:1 | Gained Okrist as an ally
 40879 | Vaults:1 | Found Ogyd's Jewellery Shop.
 40885 | Vaults:1 | Bought the amulet "Zonyruat" {Reflect rF+ SH+2} for 236 gold pieces
 40885 | Vaults:1 | Bought an uncursed ring of resist corrosion for 220 gold pieces
 41117 | Vaults:2 | Your ally Hilgar died
 41127 | Vaults:2 | Gained Wulfoc as an ally
 41136 | Vaults:2 | Your ally Wulfoc died
 41434 | Vaults:2 | Reached skill level 9 in Dodging
 41730 | Vaults:2 | Gained Bogmar as an ally
 42245 | Vaults:2 | Noticed a Brimstone Fiend
 42252 | Vaults:2 | Gained Herok as an ally
 42355 | Vaults:2 | Reached XP level 19. HP: 130/182 MP: 30/30
 42488 | Vaults:2 | Found Yhiclom's Antique Armour Boutique.
 43638 | Vaults:2 | Reached skill level 12 in Dodging
 43764 | Vaults:2 | Gained Bladwarg as an ally
 43980 | Vaults:3 | Gained Wargrak as an ally
 44185 | Vaults:3 | Identified a scroll of acquirement
 44567 | Vaults:3 | Your ally Arbolt died
 44756 | Vaults:3 | Noticed an Ice Fiend
 44905 | Vaults:3 | Found a sacrificial altar of Ru.
 45737 | Vaults:3 | Reached XP level 20. HP: 191/191 MP: 31/31
 45768 | Vaults:3 | Your ally Wargrak died
 45966 | Vaults:3 | Found a staircase to the Crypt.
 46073 | Vaults:4 | Reached skill level 16 in Invocations
 46727 | Vaults:4 | Reached skill level 15 in Armour
 46769 | Vaults:4 | Found Kiachon's Magic Scroll Shop.
 46777 | Vaults:4 | Bought a scroll of fog for 28 gold pieces
 46777 | Vaults:4 | Bought a scroll of brand weapon for 280 gold pieces
 47467 | Vaults:1 | Gained Ugbert as an ally
 47978 | Depths:1 | Entered Level 1 of the Depths
 47978 | Depths:1 | Noticed a golden dragon
 47987 | Depths:1 | Found a transporter.
 48026 | Depths:1 | Found a transporter.
 48039 | Depths:1 | Noticed Jorgrun
 48052 | Depths:1 | Killed Jorgrun
 48061 | Depths:1 | Killed a golden dragon
 48473 | Depths:1 | Identified the +0 pair of boots of Fuikkiat {*Corrode *Drain rF+ rC+++ Regen+} (You found it on level 1 of the Depths)
 48497 | Depths:1 | Identified Sif Muna's Papyrus of the Birds and Arcane Weapons
 48531 | Depths:1 | Reached skill level 17 in Invocations
 49261 | Depths:1 | Found a gateway to Hell.
 49367 | Depths:2 | Found a one-way gate to the infinite horrors of the Abyss.
 49607 | Depths:2 | Found a magical portal.
 49616 | WizLab   | Entered Doroklohe's Tomb
 50002 | WizLab   | Noticed a greater mummy
 50014 | WizLab   | Killed a greater mummy
 50014 | WizLab   | Reached skill level 15 in Shields
 50777 | Depths:2 | Reached XP level 21. HP: 35/195 MP: 33/33
 50879 | Depths:2 | Gained Bogwik as an ally
 51051 | Depths:2 | Your ally Bogwik died
 51179 | Depths:2 | Reached skill level 18 in Invocations
 51228 | Depths:2 | Noticed a caustic shrike
 51237 | Depths:2 | Killed a caustic shrike
 51309 | Depths:2 | Noticed a caustic shrike
 51338 | Depths:2 | Killed a caustic shrike
 52934 | Depths:3 | Found a one-way gate leading to the halls of Pandemonium.
 53174 | Depths:4 | Gained Horkud as an ally
 53182 | Depths:4 | Noticed Louise
 53193 | Depths:4 | Killed Louise
 53484 | Depths:4 | Reached skill level 19 in Invocations
 54828 | Depths:5 | Entered Level 5 of the Depths
 54852 | Depths:5 | Gained Borgk as an ally
 54859 | Depths:5 | Reached XP level 22. HP: 187/202 MP: 35/35
 55022 | Depths:5 | Gained Koronagh as an ally
 55444 | Depths:5 | Found Aniabbuh's Gadget Shoppe.
 55444 | Depths:5 | Found Umumu's Jewellery Shop.
 55447 | Depths:5 | Found Janyrife's Gadget Shoppe.
 55597 | Depths:5 | Found a gateway to a ziggurat.
 55668 | Depths:5 | Found a gate to the Realm of Zot.
 55668 | Depths:5 | Noticed a golden dragon
 55683 | Depths:5 | Killed a golden dragon
 56066 | Depths:5 | Noticed a golden dragon
 56074 | Depths:5 | Killed a golden dragon
 56074 | Depths:5 | Reached skill level 20 in Invocations
 56075 | Depths:5 | Reached skill level 18 in Armour
 56674 | Vaults:5 | Entered Level 5 of the Vaults
 56711 | Vaults:5 | Noticed Xtahua
 56738 | Vaults:5 | Killed Xtahua
 57045 | Vaults:5 | Your ally Borgk died
 57134 | Vaults:5 | Reached skill level 6 in Evocations
 57177 | Vaults:5 | Your ally Bogmar died
 57257 | Vaults:5 | Your ally Wardok died
 57535 | Vaults:5 | Reached XP level 23. HP: 203/213 MP: 37/37
 57666 | Vaults:5 | Identified the cursed +1 chain mail of Mirth {Str+6 Stlth-} (You took it off a vault warden on level 5 of the Vaults)
 57984 | Vaults:5 | Identified the ring "Zausae" {Fire -Tele rPois Str+7 Int-2} (You took it off a vault guard on level 5 of the Vaults)
 58015 | Vaults:5 | Identified the Tome of Shifting Ice
 58057 | Vaults:5 | Reached skill level 18 in Shields
 58278 | Vaults:5 | Noticed a golden dragon
 58286 | Vaults:5 | Killed a golden dragon
 58329 | Vaults:5 | Got an ancient turquoise ring
 58455 | Vaults:5 | Reached skill level 21 in Invocations
 58457 | Vaults:5 | Got a smoking demon blade {flame}
 58495 | Vaults:5 | Identified the cursed +0 demon blade "Noptiop" {flame, rC+ Dex+5 SInv} (You took it off a vault warden on level 5 of the Vaults)
 58497 | Vaults:5 | Identified the ring of Pouliew {Wiz rPois} (You took it off a yaktaur captain on level 5 of the Vaults)
 58551 | Vaults:5 | Gained Brandogh as an ally
 58585 | Vaults:5 | Got a translucent bone amulet
 58670 | Vaults:5 | Identified the amulet "Camnidusm" {Spirit MP-9 Str+2 Stlth+} (You took it off an ironheart preserver on level 5 of the Vaults)
 59009 | Vaults:5 | Got a silver rune of Zot
 59214 | Vaults:5 | Identified Fomy Gyi's Compendium of Evil Rites and the Mountains
 59507 | Elf:1    | Entered Level 1 of the Elven Halls
 59727 | Elf:1    | Noticed Kirke
 59745 | Elf:1    | Killed Kirke
 59745 | Elf:1    | Gained Murdo as an ally
 60595 | Elf:2    | Found a runed gate.
 60595 | Elf:2    | Found a runed gate.
 60595 | Elf:2    | Found a runed gate.
 60627 | Elf:2    | Found a flickering gateway to a bazaar.
 60644 | Bazaar   | Entered a bazaar
 60644 | Bazaar   | Found Iniedyfe's General Store.
 60644 | Bazaar   | Found Nutipokk's Antique Weapon Shop.
 60663 | Bazaar   | Bought a scroll of blinking for 112 gold pieces
 60663 | Bazaar   | Bought a scroll of teleportation for 45 gold pieces
 60663 | Bazaar   | Bought a potion of heal wounds for 75 gold pieces
 60690 | Bazaar   | Found Kuysatu's Antique Armour Shop.
 60819 | Elf:2    | Found a ruined gateway.
 60819 | Elf:2    | Noticed Agnes
 60829 | Elf:2    | Killed Agnes
 60829 | Elf:2    | Reached skill level 9 in Evocations
 60856 | Desolati | Entered the Desolation of Salt
 60982 | Desolati | Identified the ring of Durchuag {rElec rN+ Stlth-} (You found it in the Desolation of Salt)
 61110 | Desolati | Gained Gorm as an ally
 61199 | Desolati | Your ally Gorm died
 61337 | Desolati | Reached XP level 24. HP: 223/223 MP: 37/37
 61392 | Desolati | Got a slimy glass ring
 61393 | Desolati | Identified the ring "Pojocw" {*Drain rF+ MR- Str+5 Dex+9} (You found it in the Desolation of Salt)
 61396 | Desolati | Got a heavily runed bronze ring
 61397 | Desolati | Identified the ring "Dyumuxiwn" {rF++ EV+3} (You found it in the Desolation of Salt)
 61733 | Elf:3    | Entered Level 3 of the Elven Halls
 61858 | Elf:3    | Found Vynocigo's Antique Weapon Boutique.
 61864 | Elf:3    | Found a radiant altar of Vehumet.
 62044 | Elf:3    | Gained Argrim as an ally
 62064 | Elf:3    | HP: 9/224 [deep elf annihilator/bolt of lightning (39)]
 62065 | Elf:3    | Your ally Argrim died
 62065 | Elf:3    | Killed from afar by a deep elf annihilator

Vault maps used:
D:1:      lightli_arrival_lavapool, serial_forest, infiniplex_forest_end_2,
          infiniplex_forest_straight_4, infiniplex_forest_clump_tiny,
          infiniplex_forest_straight_2, infiniplex_forest_clump_curved,
          infiniplex_forest_clump_small, infiniplex_forest_clump_small
D:2:      nicolae_overflow_crystal_walls, kennysheep_minor_cross, uniq_terence,
          uniq_crazy_yiuf_cottage
D:3:      portal_sewer_entry_a, minmay_misc_feat_more_columns
D:4:      first_bread, minmay_misc_feat_tower, uniq_natasha, uniq_duvessa
D:5:      minmay_misc_feat_secret_circle, kennysheep_generic_room_12
D:6:      kennysheep_little_box, overflow_temple_1_default,
          nicolae_overflow_hidden_temple, serial_bayou_pond_d,
          fedhas_bush_and_centaur_altar, uniq_blork_the_orc, uniq_eustachio,
          uniq_pikel
D:7:      overflow_temple_1_default, elyvilon_altar_4, temple_hall_moat,
          serial_shops, shop
D:8:      old_standard_altar, serial_shops, kennysheep_mini,
          blue_anna_alchemist, minmay_misc_feat_enclosed, uniq_maurice,
          uniq_joseph
D:9:      xom_shifter_show, uniq_erica
D:10:     david_orc_4, special_room
D:11:     erik_lair_island, uniq_fannar
D:12:     serial_ice, serial_ice_g, serial_ice_b, serial_ice_d, serial_ice_f
D:13:     evilmike_horseshoe, david_vaults_3, nicolae_trove_entry_diagonal
D:14:     serial_glass, glass_columns_a, glass_columns_a, glass_columns_b,
          glass_columns_a, glass_columns_c
D:15:     hangedman_depths_entry_civil_slaughter, hangedman_glass_teeth,
          uniq_josephine
Lair:1:   minmay_lair_venomous_thicket, nicolae_quartered_pool_medium,
          st_stairs_5, cheibrodos_lair_lostbears, lemuel_fruit_fields
Lair:2:   columned_hall_lemuel, serial_bayou_lagoon_a, grunt_megastairs_3,
          minmay_lair_oklob_chamber, infiniplex_staircase_pool_2
Lair:3:   nicolae_spider_entry_orb_guardian, beast_lair_carwin_2,
          grunt_megastairs_2, uniq_harold
Lair:4:   minmay_swamp_entry_worms, beast_lair_carwin_11
Lair:5:   slime_altar_1, basic_altar, kennysheep_rathole,
          infiniplex_staircase_pool
Lair:6:   grunt_lair_end_beastmaster, lemuel_fruit_tree, grunt_megastairs_1
Swamp:1:  hangedman_swamp_ruin_wall, swamp_pool4
Swamp:2:  evilmike_swamp_ruin_house_3, swamp_pool3
Swamp:3:  evilmike_swamp_ruin_house_6, swamp_pool5
Swamp:4:  swamp_icy
Spider:1: hangedman_spider_mandibles, hangedman_spider_tarantella_strand
Spider:2: spiders_nest_scorpion_pit, uniq_donald
Spider:3: spider_trap, uniq_roxanne, uniq_aizul, uniq_arachne
Spider:4: spider_rune_water, hangedman_stitches_earthworm
Orc:1:    okawaru_metal_pillars_1_2
Orc:2:    st_orc_pillars, uniq_azrael
Elf:1:    minmay_elf_arrival_circle, kennysheep_underground_church, uniq_kirke
Elf:2:    serial_shops, bzr_entry_road, portal_desolation_entry_twin_temple,
          uniq_agnes
Elf:3:    minmay_elf_hall_not_hex, basic_altar, serial_shops,
          nicolae_shop_crystal
Vaults:1: vaults_mumra_hex, vaults_standard_mumra_enter_the_diamond,
          vaults_mumra_chevron, v_misc_17, nicolae_vaults_diagonal_hallway_7,
          hangedman_vaults_cutoff, hangedman_vaults_capsules,
          ontoclasm_vaults_decontamination, v_alt_pattern_1, vaults_room_boxed,
          grunt_vaults_diagonal, vaults_dpeg_ring, grunt_vaults_hallway_long,
          serial_shops, shop, uniq_nikola
Vaults:2: v_misc_15, v_rooms_4, vaults_room_grunt_arrival_ludios,
          vaults_room_door_ring, nicolae_vaults_little_squares_3,
          vaults_room_stairs_pillars, vaults_room_pool, ontoclasm_vaults_bender,
          vaults_standard_mumra_lines, v_misc_26, nicolae_vaults_three_branches,
          nicolae_vaults_border_crossing, st_eye, nicolae_vaults_shelves_hall,
          serial_shops, shop
Vaults:3: minmay_crypt_entry_simple_round, hangedman_vaults_hat, st_cells,
          ontoclasm_vaults_ring_large, v_rooms_6, hangedman_vaults_nodes,
          vaults_dpeg_hooks, nicolae_vaults_circle_grid_a, v_alt_pattern_2,
          basic_altar
Vaults:4: nicolae_vaults_mini_display_case, ontoclasm_vaults_shuriken,
          dpeg_vaults_monster_row, ontoclasm_vaults_ligature,
          nicolae_vaults_little_squares_6, serial_shops, shop
Vaults:5: serial_shops, uniq_xtahua
Depths:1: gammafunk_sealed_arena, hell_entry, kennysheep_small_square,
          grunt_megastairs_4, firewood_loft, uniq_jorgrun
Depths:2: minmay_blocking_statues, minmay_misc_feat_doors, mu_enter_wizlab_3,
          abyss_entry, lightli_too_deep, infiniplex_staircase_zigzag_1
Depths:3: minmay_skeletal_surprise, hell_entry, abyss_entry,
          grunt_pan_entry_in_and_out, kennysheep_random_hallway,
          minmay_staircase_bubble
Depths:4: hangedman_elemental_death_ray, nicolae_abyss_entry_one_way_or_another,
          rand_demon_pan_entry_7, hangedman_geh_valley, minmay_strange_pillars,
          serial_bayou_pond_b
Depths:5: grunt_zot_entry_funnels, enter_ziggurat_e, hellmouth_1,
          minmay_misc_feat_chi, minmay_shop_grove
Bazaar:   bazaar_jpeg_cross
Sewer:    kennysheep_pipe_town
WizLab:   wizlab_doroklohe

Skill      XL: |  1  2  3  4  5  6  7  8  9 10 11 12 13 14 15 16 17 18 19 20 21 22 23 24 |
---------------+-------------------------------------------------------------------------+-----
Fighting       | 2 3 4 5 7 8 10 11 13 14 15 19 20 | 20.1
Armour         | 5 6 8 10 11 12 13 14 16 17 18 19 | 19.3
Axes           | 8 12 16 19 | 19.0
Invocations    | 1 6 9 11 13 14 15 17 19 20 21 | 21.6
Shields        | 5 7 9 11 12 13 15 16 17 19 | 19.4
Evocations     | 2 3 6 9 |  9.7
Dodging        | 4 10 13 | 13.1
Stealth        | |  1.5
Spellcasting   | |  2.4
Conjurations   | |  1.0
Summonings     | |  1.0
Translocations | |  0.7

Action                   |  1- 3 |  4- 6 |  7- 9 | 10-12 | 13-15 | 16-18 | 19-21 | 22-24 || total
-------------------------+-------+-------+-------+-------+-------+-------+-------+-------++-------
Melee: Unarmed           |    30 |       |       |       |       |       |       |       ||    30
       Trident           |    18 |   234 |   158 |       |       |       |       |       ||   410
       Hand axe          |       |       |   514 |   695 |  1073 |       |       |       ||  2282
       Broad axe         |       |       |       |       |   401 |  1465 |  1460 |  1020 ||  4346
 Fire: Blowgun           |       |       |    12 |       |       |       |       |       ||    12
 Cast: Magic Dart        |    57 |    24 |     1 |       |       |       |       |       ||    82
       Call Imp          |     9 |    21 |    21 |       |       |       |       |       ||    51
Invok: Convert to Beogh  |       |     1 |       |       |       |       |       |       ||     1
       Smiting           |       |       |       |    24 |    19 |    27 |    27 |    22 ||   119
       Recall Orcish Fol |       |       |       |     1 |    14 |     7 |    13 |    13 ||    48
       Stop Recall       |       |       |       |       |     5 |     4 |     5 |     5 ||    19
       Give Item to Name |       |       |       |       |     2 |     6 |     8 |     2 ||    18
       Resurrection      |       |       |       |       |       |     2 |       |       ||     2
Evoke: Wand              |       |       |       |    18 |     3 |    11 |     1 |     8 ||    41
       Lightning rod     |       |       |       |       |     4 |       |       |       ||     4
       Lamp of fire      |       |       |       |       |       |       |       |     1 ||     1
  Use: Scroll            |     1 |       |    15 |     7 |    13 |    11 |    17 |    17 ||    81
       Potion            |       |     3 |     3 |     3 |       |     5 |     2 |     5 ||    21
 Stab: Sleeping          |       |     5 |     3 |       |       |       |       |       ||     8
       Distracted        |       |       |     1 |    10 |    13 |     9 |    10 |    10 ||    53
       Confused          |       |       |       |     1 |     3 |       |       |       ||     4
       Paralysed         |       |       |       |       |     1 |     6 |     6 |       ||    13
  Eat: Chunk             |    14 |    11 |    32 |    26 |    27 |    32 |    38 |    25 ||   205
       Royal jelly       |       |       |       |       |     1 |     4 |     1 |       ||     6
Armor: Robe              |    26 |    94 |    87 |       |       |       |       |       ||   207
       Ring mail         |       |       |   192 |   189 |       |       |       |       ||   381
       Skin              |       |       |       |    55 |       |       |       |       ||    55
       Plate armour      |       |       |       |    87 |   902 |   299 |   562 |   360 ||  2210
       Swamp dragon scal |       |       |       |       |       |   658 |       |       ||   658
Dodge: Dodged            |    67 |   158 |   294 |   124 |   207 |   562 |   398 |   175 ||  1985
Block: Shield            |       |       |   122 |   207 |   685 |   948 |   761 |       ||  2723
       Reflection        |       |       |       |       |       |    26 |    92 |    77 ||   195
       Large shield      |       |       |       |       |       |       |   188 |  1141 ||  1329
